 Dungeon Crawl Stone Soup version 0.21.1-1-g345015f (webtiles) character file.

298 diana the Skirmisher (level 6, 0/82 HPs)
             Began as a Minotaur Fighter on June 6, 2018.
             Slain by a quokka skeleton (3 damage)
             ... on level 6 of the Dungeon.
             The game lasted 00:03:06 (1794 turns).

diana the Skirmisher (Minotaur Fighter)             Turns: 1794, Time: 00:03:06

Health: 0/82       AC:  7    Str: 27    XL:     6   Next: 13%
Magic:  5/5        EV:  8    Int: 10    God:
Gold:   192        SH: 10    Dex: 10    Spells: 5/5 levels left

rFire    . . .     SeeInvis .   o - +6 club
rCold    + . .     Gourm    .   c - +0 shield
rNeg     . . .     Faith    .   b - +0 scale mail
rPois    +         Spirit   .   (helmet restricted)
rElec    .         Reflect  .   (no cloak)
rCorr    .         Harm     .   (no gloves)
MR       .....                  (no boots)
Stlth    ..........             (no amulet)
HPRegen  0.23/turn              (no ring)
MPRegen  0.09/turn              (no ring)

@: brilliant, berserking, flying, very quick
A: retaliatory headbutt, horns 2, cold resistance 1, poison resistance
a: no special abilities


You were on level 6 of the Dungeon.
You were not hungry.

You visited 1 branch of the dungeon, and saw 4 of its levels.

You collected 192 gold pieces.

Inventory:

Hand Weapons
 a - a +0 war axe
 o - a +6 club (weapon)
Armour
 b - a +0 scale mail (worn)
 c - a +0 shield (worn)
 n - the +0 helmet of Absolutism {rC- Int+7, unknown}
   (You took it off Robin on level 2 of the Dungeon)

   It affects your intelligence (+7).
   It makes you vulnerable to cold.
Jewellery
 l - a +2 ring of evasion {unknown}
Wands
 t - a wand of disintegration (12)
Scrolls
 e - 3 scrolls of remove curse {unknown}
 g - 3 scrolls of identify {unknown}
 h - a scroll of immolation {unknown}
 m - a scroll of enchant weapon {unknown}
 p - a scroll of random uselessness {unknown}
 q - a scroll of magic mapping {unknown}
 r - 2 scrolls of fear {unknown}
Potions
 d - a potion of might
 i - a potion of flight
 j - 3 potions of brilliance
 k - a potion of mutation
 s - 2 potions of berserk rage
Comestibles
 f - 3 rations


   Skills:
 + Level 4.9 Fighting
 - Level 4.0(4.5) Axes
 * Level 3.1(4.1) Maces & Flails
 + Level 4.9 Armour
 + Level 4.9 Shields


You had 5 spell levels left.
You didn't know any spells.

Dungeon Overview and Level Annotations

Branches:
Dungeon (3/15)

Altars:

Annotations:
D:3 1 runed door


Innate Abilities, Weirdness & Mutations

You reflexively headbutt those who attack you in melee.
You have a pair of horns on your head.
Your flesh is cold resistant. (rC+)
Your system is resistant to poisons. (rPois)


Message History

The orc shouts!
Your shield prevents you from hitting the orc.
The orc hits you with a hand axe.
* * * LOW HITPOINT WARNING * * *
You closely miss the orc. You block the orc's attack.
It was a potion of brilliance.
You feel clever all of a sudden. You block the orc's attack.
It was a potion of flight.
You feel very buoyant.
You fly up into the air.
The orc barely misses you. You furiously retaliate!
You headbutt the orc!
You kill the orc!
It was a potion of mutation.
You feel extremely strange.
You feel resistant to poisons.
You feel resistant to cold.
It was a potion of berserk rage.
A red film seems to cover your vision as you go berserk!
You feel yourself moving faster!
You feel mighty! The quokka skeleton bites you.
You die...

#. #####.#
!.[...## ##...##
##....(##
##.....(.##
...####......(..#
......'.......(.+
#..?Z@....#
##...††))##
##.....## ##...##
##'## #.# ..#
#..# ..


You could see a quokka skeleton.

Vanquished Creatures
  A centaur (D:6)
  A crimson imp (D:6)
  An iguana (D:2)
  A worker ant (D:6)
  Terence (D:2)
  Robin (D:2)
  An adder (D:2)
  4 worms
  2 dart slugs
  2 leopard geckos
  9 orcs
  4 giant cockroaches
  11 goblins
  4 hobgoblins
  9 jackals
  2 quokkas
  A ball python (D:2)
  2 bats
  2 frilled lizards
  4 kobolds
  A quokka zombie (D:6)
  3 rats
67 creatures vanquished.

Notes
Turn   | Place    | Note
-------+----------+-------------------------------------------
     0 | D:1      | diana the Minotaur Fighter began the quest for the Orb.
     0 | D:1      | Reached XP level 1. HP: 19/19 MP: 0/0
     6 | D:1      | Noticed a crocodile
     6 | D:1      | Noticed a wyvern
     6 | D:1      | Noticed a salamander
     7 | D:1      | Noticed a redback
     7 | D:1      | Noticed a black bear
   578 | D:2      | Reached XP level 2. HP: 27/27 MP: 1/1
   704 | D:2      | Reached XP level 3. HP: 33/33 MP: 2/2
   913 | D:2      | Noticed Robin
   922 | D:2      | Reached XP level 4. HP: 24/40 MP: 3/3
   937 | D:2      | Killed Robin
   939 | D:2      | Got a slimy helmet
  1089 | D:2      | Noticed Terence
  1097 | D:2      | Killed Terence
  1159 | D:2      | Reached skill level 1 in Maces & Flails
  1492 | D:3      | Reached XP level 5. HP: 47/47 MP: 4/4
  1562 | D:3      | Found a runed door.
  1664 | D:3      | You fall through a shaft for 3 floors!
  1664 | D:6      | Noticed a centaur
  1679 | D:6      | Killed a centaur
  1734 | D:6      | Reached XP level 6. HP: 18/55 MP: 5/5
  1789 | D:6      | HP: 1/55 [orc/hand axe (4)]
  1793 | D:6      | Gained mutation: Your system is resistant to poisons. (rPois) [potion of mutation]
  1793 | D:6      | Gained mutation: Your flesh is cold resistant. (rC+) [potion of mutation]
  1794 | D:6      | Slain by a quokka skeleton

Skill      XL: |  1  2  3  4  5 |
---------------+----------------+-----
Axes           | 3 4 |  4.0
Fighting       | 4 |  4.9
Armour         | 4 |  4.9
Shields        | 4 |  4.9
Maces & Flails | 1 3 |  3.1

Action                   |  1- 3 |  4- 6 || total
-------------------------+-------+-------++-------
Melee: War axe           |    59 |    15 ||    74
       Headbutt          |     7 |    12 ||    19
       Club              |       |    73 ||    73
  Use: Potion            |       |     4 ||     4
  Eat: Chunk             |       |     3 ||     3
Armor: Scale mail        |    26 |    32 ||    58
Dodge: Dodged            |    18 |    33 ||    51
Block: Shield            |    22 |    43 ||    65
